| TOP OF THE 1ST |
|
Calgary Flames batting - Pitching for Miami Beach Marlins : RHP Jorge Lopez
|
|
Pitching: RHP Jorge Lopez
|
|
|
Batting: RHB Dave McBain
|
0-0: SINGLE (Groundball, 6MD, EV 105.6 MPH)
|
|
Batting: RHB Brian DeVoe
|
0-0: Called Strike 0-1: Swinging Strike 0-2: SINGLE (Groundball, 6D, EV 109.4 MPH) Dave McBain to second
|
|
Batting: RHB Eric McMillian
|
0-0: Called Strike 0-1: Ball 1-1: Swinging Strike 1-2: Strikes out swinging
|
|
Batting: RHB Wally Cangro
|
0-0: Called Strike 0-1: Grounds into double play, 5-4-3 (Groundball, 56S, EV 81.3 MPH)
|
| Top of the 1st over - 0 runs, 2 hits, 0 errors, 1 left on base; Calgary 0 - Miami Beach 0 |
| BOTTOM OF THE 1ST |
|
Miami Beach Marlins batting - Pitching for Calgary Flames : LHP David French
|
|
Pitching: LHP David French
|
|
|
Batting: RHB Dale Young
|
0-0: Called Strike 0-1: Ball 1-1: Foul Ball, location: 2F 1-2: Ball 2-2: Foul Ball, location: 2F 2-2: Foul Ball, location: 2F 2-2: Ball 3-2: Strikes out swinging
|
|
Batting: LHB Jose Bregaro
|
0-0: Called Strike 0-1: Foul Ball, location: 2F 0-2: Foul Ball, location: 2F 0-2: Ball 1-2: Ground out 4-3 (Groundball, 4, EV 84.4 MPH)
|
|
Batting: LHB Eric Bailey
|
0-0: Ball 1-0: Ball 2-0: Foul Ball, location: 2F 2-1: Called Strike 2-2: Foul Ball, location: 2F 2-2: Ball 3-2: Fly out, F7 (Flyball, 7D, EV 108.1 MPH)
|
| Bottom of the 1st over - 0 runs, 0 hits, 0 errors, 0 left on base; Calgary 0 - Miami Beach 0 |
| TOP OF THE 2ND |
|
Calgary Flames batting - Pitching for Miami Beach Marlins : RHP Jorge Lopez
|
|
Batting: RHB Kalidas Mishra
|
0-0: Ground out 5-3 (Groundball, 56S, EV 63.8 MPH)
|
|
Batting: RHB Ricardo Ortiz
|
0-0: Foul Ball, location: 2F 0-1: Called Strike 0-2: SINGLE (Line Drive, 9S, EV 85.6 MPH)
|
|
Batting: LHB Ramon Vega
|
0-0: TRIPLE (Groundball, 3L, EV 97.5 MPH) Ricardo Ortiz scores
|
|
Batting: RHB Mike MacLeod
|
0-0: Fly out, F9 (Flyball, 9S, EV 91.9 MPH)
|
|
Batting: RHB Jon Groseclose
|
0-0: Called Strike 0-1: Ground out 4-3 (Groundball, 4M, EV 92.5 MPH)
|
| Top of the 2nd over - 1 run, 2 hits, 0 errors, 1 left on base; Calgary 1 - Miami Beach 0 |
| BOTTOM OF THE 2ND |
|
Miami Beach Marlins batting - Pitching for Calgary Flames : LHP David French
|
|
Batting: RHB Tony Stedman
|
0-0: Foul Ball, location: 2F 0-1: Ball 1-1: Ball 2-1: Ball 3-1: Fly out, F8 (Flyball, 89XD, EV 88.8 MPH)
|
|
Batting: RHB Willie Chavez
|
0-0: Ball 1-0: Ball 2-0: Ground out 5-3 (Groundball, 56, EV 111.9 MPH)
|
|
Batting: RHB Erik Coleman
|
0-0: Fly out, F9 (Flyball, 9D, EV 98.1 MPH)
|
| Bottom of the 2nd over - 0 runs, 0 hits, 0 errors, 0 left on base; Calgary 1 - Miami Beach 0 |
| TOP OF THE 3RD |
|
Calgary Flames batting - Pitching for Miami Beach Marlins : RHP Jorge Lopez
|
|
Batting: RHB Dave McBain
|
0-0: Ball 1-0: Swinging Strike 1-1: Ball 2-1: Ball 3-1: Ground out 6-3 (Groundball, 56D, EV 101.9 MPH)
|
|
Batting: RHB Brian DeVoe
|
0-0: Ball 1-0: Ball 2-0: Swinging Strike 2-1: SINGLE (Line Drive, 9LM, EV 97.5 MPH)
|
|
Batting: RHB Eric McMillian
|
0-0: Called Strike 0-1: Called Strike 0-2: Foul Ball, location: 2F 0-2: Strikes out swinging
|
|
Batting: RHB Wally Cangro
|
0-0: Called Strike 0-1: Ball 1-1: Foul Ball, location: 2F 1-2: Fly out, F8 (Flyball, 89M, EV 77.5 MPH)
|
| Top of the 3rd over - 0 runs, 1 hit, 0 errors, 1 left on base; Calgary 1 - Miami Beach 0 |
| BOTTOM OF THE 3RD |
|
Miami Beach Marlins batting - Pitching for Calgary Flames : LHP David French
|
|
Batting: RHB J.D. Vander Klok
|
0-0: Ball 1-0: Fly out, F7 (Flyball, 7S, EV 89.4 MPH)
|
|
Batting: RHB Andy Kelly
|
0-0: Ball 1-0: Called Strike 1-1: Foul Ball, location: 2F 1-2: Ball 2-2: Strikes out swinging
|
|
Batting: RHB Axel Moltke
|
0-0: Called Strike 0-1: Ball 1-1: Swinging Strike 1-2: Strikes out swinging
|
| Bottom of the 3rd over - 0 runs, 0 hits, 0 errors, 0 left on base; Calgary 1 - Miami Beach 0 |
| TOP OF THE 4TH |
|
Calgary Flames batting - Pitching for Miami Beach Marlins : RHP Jorge Lopez
|
|
Batting: RHB Kalidas Mishra
|
0-0: Ball 1-0: Fly out, F8 (Line Drive, 8LD, EV 94.4 MPH)
|
|
Batting: RHB Ricardo Ortiz
|
0-0: Called Strike 0-1: Swinging Strike 0-2: Foul Ball, location: 2F 0-2: Ball 1-2: Ball 2-2: DOUBLE (Line Drive, 89M, EV 106.3 MPH)
|
|
Batting: LHB Ramon Vega
|
0-0: Ball 1-0: Ground out 6-3 (Groundball, 6, EV 79.4 MPH)
|
|
Batting: RHB Mike MacLeod
|
0-0: Called Strike 0-1: Ball 1-1: Ball 2-1: Ball 3-1: Base on Balls
|
|
Batting: RHB Jon Groseclose
|
0-0: Ground out 5-3 (Groundball, 5S, EV 80.6 MPH)
|
| Top of the 4th over - 0 runs, 1 hit, 0 errors, 2 left on base; Calgary 1 - Miami Beach 0 |
| BOTTOM OF THE 4TH |
|
Miami Beach Marlins batting - Pitching for Calgary Flames : LHP David French
|
|
Batting: RHB Dale Young
|
0-0: Foul Ball, location: 2F 0-1: Ball 1-1: Fly out, F8 (Flyball, 8RXD, EV 100.6 MPH)
|
|
Batting: LHB Jose Bregaro
|
0-0: Called Strike 0-1: Foul Ball, location: 2F 0-2: Ground out U3 (Groundball, 34, EV 79.4 MPH)
|
|
Batting: LHB Eric Bailey
|
0-0: Swinging Strike 0-1: Ball 1-1: Called Strike 1-2: Strikes out looking
|
| Bottom of the 4th over - 0 runs, 0 hits, 0 errors, 0 left on base; Calgary 1 - Miami Beach 0 |
| TOP OF THE 5TH |
|
Calgary Flames batting - Pitching for Miami Beach Marlins : RHP Jorge Lopez
|
|
Batting: RHB Dave McBain
|
0-0: Ball 1-0: Ball 2-0: Called Strike 2-1: Ball 3-1: Base on Balls
|
|
Batting: RHB Brian DeVoe
|
0-0: Called Strike Dave McBain steals 2nd base 0-1: Swinging Strike 0-2: Strikes out swinging
|
|
Batting: RHB Eric McMillian
|
0-0: Ball 1-0: Ground out 6-3 (Groundball, 6, EV 104.4 MPH)
|
|
Batting: RHB Wally Cangro
|
0-0: Foul Ball, location: 2F 0-1: Ball 1-1: Called Strike 1-2: Foul Ball, location: 2F 1-2: Ball 2-2: Ball 3-2: Base on Balls
|
|
Batting: RHB Kalidas Mishra
|
0-0: Ball 1-0: Foul Ball, location: 2F 1-1: Ball 2-1: Fly out, F9 (Flyball, 9D, EV 96.3 MPH)
|
| Top of the 5th over - 0 runs, 0 hits, 0 errors, 2 left on base; Calgary 1 - Miami Beach 0 |
| BOTTOM OF THE 5TH |
|
Miami Beach Marlins batting - Pitching for Calgary Flames : LHP David French
|
|
Batting: RHB Tony Stedman
|
0-0: Swinging Strike 0-1: SINGLE (Groundball, 25, EV 68.8 MPH) (infield hit)
|
|
Batting: RHB Willie Chavez
|
0-0: Ball 1-0: Called Strike 1-1: Foul Ball, location: 2F 1-2: Strikes out swinging
|
|
Batting: RHB Erik Coleman
|
0-0: Foul Ball, location: 2F 0-1: Ball 1-1: Ball 2-1: Fly out, F8 (Flyball, 89M, EV 90.6 MPH)
|
|
Pitching: RHP Mason Broderick
|
|
|
Batting: RHB J.D. Vander Klok
|
0-0: Ball 1-0: Foul Ball, location: 2F 1-1: Swinging Strike 1-2: Strikes out swinging
|
| Bottom of the 5th over - 0 runs, 1 hit, 0 errors, 1 left on base; Calgary 1 - Miami Beach 0 |
| TOP OF THE 6TH |
|
Calgary Flames batting - Pitching for Miami Beach Marlins : RHP Jorge Lopez
|
|
Batting: RHB Ricardo Ortiz
|
0-0: Ball 1-0: Ball 2-0: Ball 3-0: Called Strike 3-1: Base on Balls
|
|
Batting: LHB Ramon Vega
|
0-0: Called Strike 0-1: Fielders Choice at 2nd, 4-6 (Groundball, 4, EV 98.1 MPH)
|
|
Batting: RHB Mike MacLeod
|
0-0: Ball 1-0: Called Strike 1-1: Ball 2-1: Swinging Strike 2-2: Strikes out swinging
|
|
Batting: RHB Jon Groseclose
|
0-0: Ball 1-0: Ball Ramon Vega steals 2nd base 2-0: Ground out 4-3 (Groundball, 4, EV 87.5 MPH)
|
| Top of the 6th over - 0 runs, 0 hits, 0 errors, 1 left on base; Calgary 1 - Miami Beach 0 |
| BOTTOM OF THE 6TH |
|
Miami Beach Marlins batting - Pitching for Calgary Flames : RHP Mason Broderick
|
|
Batting: RHB Andy Kelly
|
0-0: Foul Ball, location: 2F 0-1: Ball 1-1: Fly out, F6 (Flyball, 56D, EV 86.3 MPH)
|
|
Batting: RHB Axel Moltke
|
0-0: Ball 1-0: Ball 2-0: Foul Ball, location: 2F 2-1: Fly out, F8 (Flyball, 78D, EV 95.0 MPH)
|
|
Batting: RHB Dale Young
|
0-0: Foul Ball, location: 2F 0-1: SINGLE (Groundball, 34D, EV 110.6 MPH)
|
|
Batting: LHB Jose Bregaro
|
0-0: Ball 1-0: Ball 2-0: Ground out 4-3 (Groundball, 4, EV 99.4 MPH)
|
| Bottom of the 6th over - 0 runs, 1 hit, 0 errors, 1 left on base; Calgary 1 - Miami Beach 0 |
| TOP OF THE 7TH |
|
Calgary Flames batting - Pitching for Miami Beach Marlins : RHP Jorge Lopez
|
|
Batting: RHB Dave McBain
|
0-0: Ball 1-0: Foul Ball, location: 2F 1-1: Ball 2-1: Foul Ball, location: 2F 2-2: Foul Ball, location: 2F 2-2: Ball 3-2: Foul Ball, location: 2F 3-2: Foul Ball, location: 2F 3-2: Base on Balls
|
|
Batting: RHB Brian DeVoe
|
0-0: Ball 1-0: Swinging Strike 1-1: Ball 2-1: DOUBLE (Line Drive, 8LXD, EV 100.0 MPH) Dave McBain to third
|
|
Batting: RHB Eric McMillian
|
0-0: Foul Ball, location: 2F 0-1: Foul Ball, location: 2F 0-2: Ball 1-2: Ball 2-2: Foul Ball, location: 2F 2-2: Foul Ball, location: 2F 2-2: Foul Ball, location: 2F 2-2: Fly out, F7 (Flyball, 78D, EV 86.9 MPH) Runner from 3rd tags up, OUT at HOME! 7-2 Brian DeVoe to third
|
|
Pitching: RHP Alberto Negrete
|
|
|
Batting: RHB Wally Cangro
|
0-0: Ball 1-0: Called Strike 1-1: Foul Ball, location: 2F 1-2: Fly out, F7 (Flyball, 78M, EV 89.4 MPH)
|
| Top of the 7th over - 0 runs, 1 hit, 0 errors, 1 left on base; Calgary 1 - Miami Beach 0 |
| BOTTOM OF THE 7TH |
|
Miami Beach Marlins batting - Pitching for Calgary Flames : RHP Mason Broderick
|
|
Pitching: LHP Jay Bowen
|
|
|
Batting: LHB Eric Bailey
|
0-0: Ball 1-0: Ball 2-0: Called Strike 2-1: Swinging Strike 2-2: Strikes out swinging
|
|
Pitching: LHP Ismael Diaz
|
|
|
Batting: RHB Tony Stedman
|
0-0: Ball 1-0: Foul Ball, location: 2F 1-1: Called Strike 1-2: Foul Ball, location: 2F 1-2: Strikes out looking
|
|
Batting: RHB Willie Chavez
|
0-0: Called Strike 0-1: Ball 1-1: Ground out 4-3 (Groundball, 4S, EV 82.5 MPH)
|
| Bottom of the 7th over - 0 runs, 0 hits, 0 errors, 0 left on base; Calgary 1 - Miami Beach 0 |
| TOP OF THE 8TH |
|
Calgary Flames batting - Pitching for Miami Beach Marlins : RHP Alberto Negrete
|
|
Batting: RHB Kalidas Mishra
|
0-0: Ball 1-0: Called Strike 1-1: Ball 2-1: Foul Ball, location: 2F 2-2: Strikes out swinging
|
|
Batting: RHB Ricardo Ortiz
|
0-0: DOUBLE (Flyball, 89D, EV 90.6 MPH)
|
|
Batting: LHB Ramon Vega
|
0-0: Intentional Walk
|
|
Pinch Hitting: LHB Tony Contreras
|
0-0: Fielders Choice at 2nd, 5-4 (Groundball, 5S, EV 85.0 MPH) Ricardo Ortiz to third
|
|
Batting: RHB Adrian Cook
|
0-0: Called Strike 0-1: Ball 1-1: Ball 2-1: Foul Ball, location: 2F 2-2: Strikes out swinging, 2-3 out at first.
|
| Top of the 8th over - 0 runs, 1 hit, 0 errors, 2 left on base; Calgary 1 - Miami Beach 0 |
| BOTTOM OF THE 8TH |
|
Miami Beach Marlins batting - Pitching for Calgary Flames : LHP Ismael Diaz
|
|
Pitching: RHP Ching Ge
|
|
|
Now at 3B: Ed Oake
|
|
|
Batting: RHB Erik Coleman
|
0-0: Called Strike 0-1: Called Strike 0-2: Ground out 5-3 (Groundball, 5S, EV 63.1 MPH)
|
|
Pinch Hitting: LHB Angelo Estrella
|
0-0: Ball 1-0: Ball 2-0: Ball 3-0: Called Strike 3-1: Called Strike 3-2: Strikes out swinging
|
|
Batting: RHB Andy Kelly
|
0-0: Ball 1-0: Called Strike 1-1: Foul Ball, location: 2F 1-2: Foul Ball, location: 2F 1-2: Strikes out swinging, 2-3 out at first.
|
| Bottom of the 8th over - 0 runs, 0 hits, 0 errors, 0 left on base; Calgary 1 - Miami Beach 0 |
| TOP OF THE 9TH |
|
Calgary Flames batting - Pitching for Miami Beach Marlins : RHP Alberto Negrete
|
|
Now in CF: Matt McKeon
|
|
|
Batting: RHB Dave McBain
|
0-0: Ball 1-0: Swinging Strike 1-1: Swinging Strike 1-2: Strikes out swinging
|
|
Batting: RHB Brian DeVoe
|
0-0: Ball 1-0: Fly out, F9 (Flyball, 9S, EV 83.1 MPH)
|
|
Batting: RHB Eric McMillian
|
0-0: Foul Ball, location: 2F 0-1: Swinging Strike 0-2: Ball 1-2: Fly out, F3 (Popup, 3SF, EV 89.4 MPH)
|
| Top of the 9th over - 0 runs, 0 hits, 0 errors, 0 left on base; Calgary 1 - Miami Beach 0 |
| BOTTOM OF THE 9TH |
|
Miami Beach Marlins batting - Pitching for Calgary Flames : RHP Ching Ge
|
|
Pitching: RHP Mike Swenson
|
|
|
Batting: RHB Axel Moltke
|
0-0: Called Strike 0-1: Foul Ball, location: 2F 0-2: Ball 1-2: Fly out, F4 (Line Drive, 4, EV 64.4 MPH)
|
|
Batting: RHB Dale Young
|
0-0: Ball 1-0: Called Strike 1-1: Called Strike 1-2: Strikes out looking
|
|
Batting: LHB Jose Bregaro
|
0-0: Called Strike 0-1: Ball 1-1: Ball 2-1: Ball 3-1: Base on Balls
|
|
Batting: LHB Eric Bailey
|
0-0: Ball 1-0: Swinging Strike 1-1: Ball 2-1: Called Strike 2-2: Ball 3-2: Fly out, F8 (Line Drive, 8RM, EV 91.3 MPH)
|
| Bottom of the 9th over - 0 runs, 0 hits, 0 errors, 1 left on base; Calgary 1 - Miami Beach 0 |
|